 Dungeon Crawl Stone Soup version 0.28-a0-586-gbdb9d174a4 (webtiles) character file.

Game seed: 8430545730767172814

24 Conn the Firebug (level 3, 0/21 HPs)
             Began as an Octopode Fire Elementalist on Oct 3, 2021.
             Slain by a jackal (2 damage)
             ... on level 1 of the Dungeon.
             The game lasted 00:02:44 (653 turns).

Conn the Firebug (Octopode Fire Elementalist)        Turns: 653, Time: 00:02:44

Health: 0/21       AC:  1    Str:  7    XL:     3   Next: 2%
Magic:  6/6        EV: 13    Int: 18    God:
Gold:   12         SH:  0    Dex: 12    Spells: 5/6 levels left

rFire   . . .      SeeInvis .   c - +1 dagger (venom)
rCold   . . .      Faith    .   (no shield)
rNeg    . . .      Spirit   .   (helmet restricted)
rPois   .          Reflect  .   (no amulet)
rElec   .          Harm     .   (no ring)
rCorr   .          Rampage  .   (no ring)
Will    .....                   (no ring)
Stlth   +++.......              (no ring)
HPRegen 0.07/turn               (no ring)
MPRegen 0.10/turn               (no ring)
                                (no ring)
                                (no ring)

@: very slightly contaminated, invisible
A: almost no armour, amphibious, 8 rings, camouflage 1, gelatinous body 1,
(nimble swimmer 1), tentacles
a: no special abilities


You were on level 1 of the Dungeon.
You visited 1 branch of the dungeon, and saw 1 of its levels.

You collected 12 gold pieces.

Inventory:

Hand Weapons
 a - a +0 dagger
 c - a +1 dagger of venom (weapon)
Scrolls
 e - 2 scrolls of identify {unknown}
Potions
 d - a potion of heal wounds {unknown}


   Skills:
 + Level 2.2 Dodging
 + Level 3.2 Stealth
 + Level 2.3 Spellcasting
 + Level 1.0 Conjurations
 + Level 3.4 Fire Magic


You had 5 spell levels left.
You knew the following spells:

 Your Spells              Type           Power      Damage    Failure   Level
a - Foxfire               Conj/Fire      40%        2x1d6     7%          1

Your spell library contained the following spells:

 Spells                   Type           Power      Damage    Failure   Level
 Scorch                   Fire           28%        2d6       6%          2
 Animate Skeleton         Necr           4%         N/A       17%         1
 Apportation              Tloc           4%         N/A       17%         1
 Summon Small Mammal      Summ           8%         N/A       17%         1
 Conjure Flame            Conj/Fire      10%        6-21      22%         3
 Inner Flame              Hex/Fire       8%         N/A       26%         3
 Summon Guardian Golem    Hex/Summ       2%         N/A       45%         3
 Flame Wave               Conj/Fire      10%        3d4       56%         4
 Orb of Destruction       Conj           2%         9d1       100%        7
 Spellforged Servitor     Conj/Summ      1%         N/A       100%        7


Dungeon Overview and Level Annotations

Branches:
Dungeon (1/15)

Altars:


Innate Abilities, Weirdness & Mutations

You cannot wear most types of armour.
You are amphibious.
You can wear up to eight rings at the same time.
Your skin changes colour to match your surroundings (Stealth+).
Your rubbery body absorbs attacks. (AC +1, EV +1)
((You are camouflaged near water. (Stealth+)))
You have tentacles for arms and can constrict up to eight enemies at once.


Message History

You grab the jackal.
You constrict the jackal, but do no damage.
The jackal barely misses you. The ball python bites you.
The ball python barely misses you.
You hit the jackal.
The jackal is poisoned.
You grab the jackal.
The jackal is heavily wounded.
You constrict the jackal.
You constrict the jackal, but do no damage.
The jackal barely misses you. x2; The ball python bites you.
The ball python barely misses you. The jackal misses you. The jackal bites you.
You hit the ball python but do no damage.
The ball python is poisoned.
Your grab misses the ball python. Your squeeze misses the ball python.
You constrict the jackal, but do no damage. x2
You kill the jackal!
The ball python bites you. The ball python barely misses you.
The jackal bites you.
* * * LOW HITPOINT WARNING * * *
You release your grip on the jackal.
You kill the jackal!
The jackal barely misses you.
It was a potion of invisibility.
You fade into invisibility!
You kill the ball python!
The jackal bites you.
* * * LOW HITPOINT WARNING * * *
You are very lightly contaminated with residual magic.
Okay, then.
The jackal barely misses you.
Okay, then.
You strike the helpless jackal from behind!
You puncture the jackal!
You kill the jackal!
You have reached level 3!
Your experience leads to an increase in your attributes!
Increase (S)trength, (I)ntelligence, or (D)exterity?
You feel clever.
You closely miss the jackal. Your grab misses the jackal.
Your squeeze misses the jackal. The jackal bites you.
You die...

#...####.#.# #..##.. ##..#
#.'.#♣#...... #..#
#####♣#...... #..# ♣#......
..>##### ♣#...... ## .###....#
♣#...... #. .##.# ♣#...... #.
#####.##.# #..##.. #.
##†.h@$##.## #..##..
######.##.†######..#####......
#.........h........'...'......
#........8......############''
#......._.........# #..
#........8........# #.<
#.................# ###
###########....#### ♣.. ###+##
♣♣♣


You could see a jackal.

Vanquished Creatures
  3 endoplasms (D:1)
  A giant cockroach (D:1)
  2 hobgoblins (D:1)
  6 jackals (D:1)
  2 ball pythons (D:1)
  5 bats (D:1)
  A rat (D:1)
20 creatures vanquished.

Vanquished Creatures (others)
  23 foxfires (D:1)
23 creatures vanquished.

Grand Total: 43 creatures vanquished

Notes
Turn   | Place    | Note
-------+----------+-------------------------------------------
     0 | D:1      | Conn the Octopode Fire Elementalist began the quest for the
                  | Orb.
     0 | D:1      | Reached XP level 1. HP: 11/11 MP: 3/3
   192 | D:1      | Reached XP level 2. HP: 15/17 MP: 0/5
   431 | D:1      | Found a faded altar of an unknown god.
   653 | D:1      | Reached XP level 3. HP: 2/21 MP: 6/6
   653 | D:1      | Slain by a jackal

Illustrated notes

Levels and vault maps discovered:
D:1:      beargit_arrival_diablo_church, layout_basic,
          dreamdust_ecumenical_altar_statues

Skill      XL: |  1  2 |
---------------+-------+-----
Stealth        | 3 |  3.2
Dodging        | |  2.2
Spellcasting   | |  2.3
Conjurations   | |  1.0
Fire Magic     | |  3.4

Action                   || total
-------------------------++-------
Melee: Dagger            ||    23
       Tentacles         ||     4
       Constrict         ||     5
 Cast: Foxfire           ||    16
  Use: Potion            ||     1
 Stab: Invisible         ||     1
       Sleeping          ||     1
Armor: Skin              ||     7
Dodge: Dodged            ||    34

Table legend: (Time is in decaauts)
 A = Elapsed time spent in this place.
 B = Non-inter-level travel time spent in this place.
 C = Inter-level travel time spent in this place.
 D = Time resting spent in this place.
 E = Time spent auto-exploring this place.
 F = Levels seen in this place.
 G = Mean time per level.
                   A        B        C        D        E       F      G
               +--------+--------+--------+--------+--------+-----+--------+
         Total |    652 |    652 |      0 |     26 |    473 |   1 |  652.0 |
       Dungeon |    652 |    652 |      0 |     26 |    473 |   1 |  652.0 |
               +--------+--------+--------+--------+--------+-----+--------+

Top non-repeatable levels by time:
     D:1: 652 daAuts
